 Dungeon Crawl Stone Soup version 0.22-b1-59-g0aedee7 (webtiles) character file.

100 lukekx100 the Skirmisher (level 4, -1/41 HPs)
             Began as a Hill Orc Fighter on Aug 9, 2018.
             Slain by Grinder (7 damage)
             ... on level 3 of the Dungeon.
             The game lasted 00:26:32 (2384 turns).

lukekx100 the Skirmisher (Hill Orc Fighter)         Turns: 2384, Time: 00:26:33

Health: -1/41      AC: 10    Str: 18    XL:     4   Next: 74%
Magic:  4/4        EV:  5    Int:  8    God:
Gold:   77         SH:  9    Dex: 11    Spells: 3/3 levels left

rFire    . . .     SeeInvis .   j - +1 short sword (venom)
rCold    . . .     Gourm    .   c - +0 shield
rNeg     . . .     Faith    .   r - +0 chain mail
rPois    .         Spirit   .   (no helmet)
rElec    .         Reflect  .   (no cloak)
rCorr    .         Harm     .   m - +0 pair of gloves
MR       .....                  (no boots)
Stlth    ..........             (no amulet)
HPRegen  0.13/turn              (no ring)
MPRegen  0.09/turn              (no ring)

@: no status effects
A: no striking features
a: no special abilities


You were on level 3 of the Dungeon.
You were not hungry.

You visited 1 branch of the dungeon, and saw 3 of its levels.

You collected 77 gold pieces.

Inventory:

Hand Weapons
 a - a +0 war axe
 g - a +0 dagger
 j - a +1 short sword of venom (weapon)
 k - a +0 dagger
 u - a +0 short sword
Armour
 b - a +0 scale mail
 c - a +0 shield (worn)
 m - a +0 pair of gloves (worn)
 r - a +0 chain mail (worn)
Jewellery
 i - an uncursed amulet of faith {unknown}
Scrolls
 n - 2 scrolls of identify {unknown}
 o - a scroll of enchant weapon {unknown}
 p - a scroll of teleportation {unknown}
 q - a scroll of fear {unknown}
 s - a scroll of remove curse {unknown}
Potions
 d - a potion of might
 e - a potion of degeneration {unknown}
 h - a potion of cancellation {unknown}
 l - a potion of curing {unknown}
 t - a potion of brilliance {unknown}
Comestibles
 f - 3 rations


   Skills:
 * Level 4.3 Fighting
 + Level 4.1 Axes
 - Level 3.6 Armour
 * Level 1.1 Dodging
 * Level 0.7 Stealth
 + Level 3.6 Shields


You had 3 spell levels left.
You didn't know any spells.
Your spell library was empty.

Dungeon Overview and Level Annotations

Branches:
Dungeon (3/15)

Altars:
Ru

Annotations:
D:3 Grinder


Message History

You see here a rat corpse.
You hit the kobold.
You kill the kobold!
Pain shoots through your body!
* * * LOW HITPOINT WARNING * * *
You see here a club.
You suddenly lose the ability to move!
Something hits you.
* * * LOW HITPOINT WARNING * * *
You writhe in agony.
* * * LOW HITPOINT WARNING * * *
You can move again.
You eat one of the 4 rations.
That ration really hit the spot!
Something tries to affect you, but you resist.
You see here a club.
You see here a rat corpse.
You miss something.
Something tries to affect you, but you resist.
Something hits you!
You die...

.......##.######## #...
#########.###########
#... #.#.........# ####
#.#..$......#
#.#.........#
#.....(...# #.....>...#
#.........#
#.....@{..#############
#.....)...'.........).(
#.........#############
#......#### #..###.#
#.. ... #. .#.# # #.#.#
# ..#


There were no monsters in sight!

Vanquished Creatures
  A hound skeleton (D:2)
  2 adders
  An ooze (D:2)
  3 worms
  2 leopard geckos (D:1)
  2 orcs
  A ball python (D:3)
  2 giant cockroaches
  2 goblins
  10 hobgoblins
  4 jackals (D:1)
  7 bats
  A frilled lizard (D:1)
  8 kobolds
  8 rats
  A plant (D:2)
55 creatures vanquished.

Notes
Turn   | Place    | Note
-------+----------+-------------------------------------------
     0 | D:1      | lukekx100 the Hill Orc Fighter began the quest for the Orb.
     0 | D:1      | Reached XP level 1. HP: 19/19 MP: 1/1
   322 | D:1      | Reached XP level 2. HP: 26/27 MP: 2/2
   577 | D:1      | Reached XP level 3. HP: 27/33 MP: 3/3
  1778 | D:2      | Reached XP level 4. HP: 28/40 MP: 4/4
  1886 | D:2      | Reached skill level 1 in Dodging
  2287 | D:3      | Found a sacrificial altar of Ru.
  2338 | D:3      | Noticed Grinder
  2374 | D:3      | Paralysed by something for 6 turns
  2384 | D:3      | Slain by Grinder

Skill      XL: |  1  2  3  4 |
---------------+-------------+-----
Axes           | 3 4 |  4.1
Fighting       | 4 |  4.3
Dodging        | 1 |  1.1
Armour         | |  3.6
Stealth        | |  0.7
Shields        | |  3.6

Action                   |  1- 3 |  4- 6 || total
-------------------------+-------+-------++-------
Melee: War axe           |   148 |    51 ||   199
       Short sword       |    11 |    13 ||    24
  Use: Scroll            |     2 |       ||     2
  Eat: Ration            |     1 |     1 ||     2
       Chunk             |       |     1 ||     1
Armor: Scale mail        |    72 |    10 ||    82
       Chain mail        |       |    27 ||    27
Dodge: Dodged            |    50 |    15 ||    65
Block: Shield            |    93 |    23 ||   116
